 Dungeon Crawl Stone Soup version 0.24.0-13-gcf9b319 (webtiles) character file.

Game seed: 10700342233776465802, levelgen mode: deterministic

281 Birdy the Sneak (level 6, -2/41 HPs)
             Began as a Halfling Monk on Dec 24, 2019.
             Was a Believer of Dithmenos.
             Slain by a gnoll
             ... wielding a +0 club
              (6 damage)
             ... on level 3 of the Dungeon.
             The game lasted 00:09:22 (3852 turns).

Birdy the Sneak (Halfling Monk)                     Turns: 3852, Time: 00:09:22

Health: -2/41      AC:  7    Str: 10 (12) XL:     6   Next: 53%
Magic:  6/6        EV: 16    Int:  8      God:    Dithmenos [**....]
Gold:   198        SH:  0    Dex: 19      Spells: 5/5 levels left

rFire    . . .     SeeInvis .   a - +2 falchion (flame)
rCold    . . .     Gourm    .   (shield restricted)
rNeg     . . .     Faith    .   b - +0 robe
rPois    .         Spirit   .   k - +1 helmet
rElec    .         Reflect  .   (no cloak)
rCorr    .         Harm     .   f - +2 pair of gloves
MR       .....                  (no boots)
Stlth    ++++......             (no amulet)
HPRegen  0.13/turn              (no ring)
MPRegen  0.10/turn              (no ring)

@: wreathed by umbra
A: small, mutation resistance 1
a: Shadow Step, Renounce Religion


You were on level 3 of the Dungeon.
You worshipped Dithmenos.
Dithmenos was pleased with you.
You were hungry.

You visited 1 branch of the dungeon, and saw 4 of its levels.

You collected 198 gold pieces.

Inventory:

Hand Weapons
 a - a +2 falchion of flaming (weapon)
Armour
 b - a +0 robe (worn)
 d - a cursed +0 leather armour
 f - a +2 pair of gloves (worn)
 k - a +1 helmet (worn)
Scrolls
 e - 2 scrolls of remove curse
 g - a scroll of fog
Comestibles
 c - 7 rations


   Skills:
 - Level 2.6 Fighting
 + Level 5.2 Long Blades
 - Level 3.2 Dodging
 + Level 5.6 Stealth


You had 5 spell levels left.
You didn't know any spells.
Your spell library was empty.

Dungeon Overview and Level Annotations

Branches:
Dungeon (4/15)
 Temple: D:4-7

Altars:
Dithmenos
Makhleb
Nemelex Xobeh
Okawaru
Xom


Innate Abilities, Weirdness & Mutations

You are small and have problems with some larger weapons.
You are somewhat resistant to further mutation.


Message History

You burn the gnoll.
The gnoll is moderately wounded.
There is a stone staircase leading up here.
You aren't carrying any potions.
Unknown command.
Okay, then.
The gnoll hits you with a +0 flail!
* * * LOW HITPOINT WARNING * * *
The gnoll hits you with a +0 club.
* * * LOW HITPOINT WARNING * * *
The gnoll barely misses you. x2; You riposte.
You hit the gnoll. You burn the gnoll.
The gnoll is heavily wounded.
You climb upwards.
There is a stone staircase leading down here.
You hit the gnoll. You burn the gnoll.
You kill the gnoll!
Dithmenos accepts your kill. The gnoll hits you with a +0 club.
You die...

...[................##...##......
.##..#...........#####.#.......##
####.....................##..###
.##..............####.#####..###
.....##..........####.# #....#
#...........##...)....# ###.##.##
##...............((######..<##..#
##..........<#..).(#####.[#####.#
......(.....##.g@.(##.[..## #..
..#.........##.g...>..#### ###
.##..........#..()((.##
####.######..#.....#..### ## #.#
##.##.....##...###### #.
####.#####...##....####......###.
#.......#.....#....# ######..#..
#.......#.....##.###########.....
#.......#.....##.................


You could see 2 gnolls.

Vanquished Creatures
  3 iron imps (D:3)
  An orc wizard (D:3)
  6 adders
  A gnoll (D:3)
  An adder skeleton (D:4)
  2 worms (D:3)
  A dart slug (D:2)
  A leopard gecko (D:3)
  12 orcs
  3 ball pythons
  8 bats
  3 giant cockroaches
  4 goblins
  8 hobgoblins
  3 jackals (D:3)
  15 kobolds
  A quokka (D:2)
  5 frilled lizards
  6 rats
84 creatures vanquished.

Notes
Turn   | Place    | Note
-------+----------+-------------------------------------------
     0 | D:1      | Birdy the Halfling Monk began the quest for the Orb.
     0 | D:1      | Reached XP level 1. HP: 15/15 MP: 1/1
   223 | D:1      | Reached XP level 2. HP: 20/20 MP: 2/2
   819 | D:1      | Reached XP level 3. HP: 23/25 MP: 3/3
  1644 | D:2      | Reached XP level 4. HP: 30/30 MP: 4/4
  2102 | D:3      | HP: 1/30 [orc/cursed -1 dagger (3)]
  2395 | D:3      | Reached XP level 5. HP: 35/35 MP: 5/5
  2476 | D:3      | Found an iron altar of Okawaru.
  2771 | D:3      | Found a shadowy altar of Dithmenos.
  2778 | D:3      | Became a worshipper of Dithmenos the Shadowed
  2778 | D:3      | Reached * piety under Dithmenos
  2778 | D:3      | Reached ** piety under Dithmenos
  2843 | D:3      | Found a burning altar of Makhleb.
  2867 | D:3      | Reached skill level 5 in Stealth
  2867 | D:3      | Reached XP level 6. HP: 11/41 MP: 6/6
  3105 | D:3      | Reached skill level 5 in Long Blades
  3283 | D:3      | Found a sparkling altar of Nemelex Xobeh.
  3796 | D:4      | Noticed an orc warrior
  3836 | D:4      | Found a shimmering altar of Xom.
  3852 | D:3      | Slain by a gnoll

Levels and vault maps discovered:
D:1:      grunt_arrival_lava_bath, layout_basic
D:2:      layout_basic
D:3:      layout_rooms, marbit_many_paths, nicolae_dithmenos_shadow_blocks,
          demons_altar, okawaru_gym_becter, serial_bayou_lagoon_b
D:4:      layout_rooms, eat_drink_and_be_merry_uskayaw, grunt_gozag_statues,
          nicolae_overflow_hidden_temple, lemuel_zombie_altar_yredelemnul

Skill      XL: |  1  2  3  4  5  6 |
---------------+-------------------+-----
Stealth        | 3 4 5 |  5.6
Long Blades    | 4 5 |  5.2
Fighting       | |  2.6
Dodging        | |  3.2

Action                   |  1- 3 |  4- 6 || total
-------------------------+-------+-------++-------
Melee: Falchion          |    84 |   148 ||   232
Throw: Throwing net      |     1 |       ||     1
  Use: Scroll            |     3 |     5 ||     8
       Potion            |       |     7 ||     7
 Stab: Sleeping          |     5 |     8 ||    13
       Held in net/web   |     2 |       ||     2
  Eat: Chunk             |     2 |     7 ||     9
Armor: Robe              |    12 |    26 ||    38
Dodge: Dodged            |    74 |   135 ||   209
       Rpst.: Falchion   |    18 |    46 ||    64
